 Dungeon Crawl Stone Soup version 0.18-a0-1292-ge8ad84c (webtiles) character file.

1742 abixa the Spear-Bearer (level 9, -5/61 HPs)
             Began as a Human Skald on Feb 9, 2016.
             Was a Priest of Okawaru.
             Hit by a tomahawk thrown by an orc warrior (15 damage)
             ... on level 7 of the Dungeon.
             The game lasted 00:25:03 (7167 turns).

abixa the Spear-Bearer (Human Skald)                Turns: 7167, Time: 00:25:04

Health: -5/61      AC:  6    Str: 14    XL:     9   Next: 26%
Magic:  4/12       EV: 10    Int: 14    God:    Okawaru [***...]
Gold:   407        SH:  0    Dex: 13    Spells: 4 memorised, 4 levels left

rFire  . . .     SeeInvis .     a - +2 spear (pierce)
rCold  . . .     Gourm    .     p - +0 ring mail
rNeg   . . .     Faith    .     (no shield)
rPois  .         Spirit   .     (no helmet)
rElec  .         Dismiss  .     t - +0 cloak
rCorr  .         Reflect  .     (no gloves)
SustAt .         Harm     .     (no boots)
MR     .....                    (no amulet)
Stlth  +.........               (no ring)
                                (no ring)

@: not resistant to hostile enchantments, very unstealthy
A: no striking features
a: Heroism, Renounce Religion


You were on level 7 of the Dungeon.
You worshipped Okawaru.
Okawaru was most pleased with you.
You were hungry.

You visited 1 branch of the dungeon, and saw 7 of its levels.

You collected 407 gold pieces.

Inventory:

Hand Weapons
 a - a +2 spear of piercing (weapon)
 u - a +0 halberd
Missiles
 C - 29 poisoned needles
 F - 8 needles of confusion
 I - a throwing net (quivered)
 K - an exploding tomahawk
Armour
 p - a +0 ring mail (worn)
 t - a +0 cloak (worn)
Wands
 G - a wand of slowing (20/48)
Scrolls
 b - 17 scrolls of identify {unknown}
 g - 3 scrolls of immolation {unknown}
 i - 7 scrolls of enchant weapon {unknown}
 k - 4 scrolls of teleportation {unknown}
 m - 3 scrolls of enchant armour {unknown}
 n - a scroll of amnesia {unknown}
 o - 3 scrolls of magic mapping {unknown}
 r - a scroll of recharging {unknown}
 y - 2 scrolls of noise {unknown}
 z - a scroll of fog {unknown}
 D - 2 scrolls of blinking {unknown}
 E - 3 scrolls of remove curse {unknown}
Potions
 e - 3 potions of curing {unknown}
 f - a potion of cure mutation {unknown}
 j - 3 potions of ambrosia {unknown}
 l - 2 potions of lignification {unknown}
 q - 3 potions of berserk rage {unknown}
 v - a potion of mutation {unknown}
 w - 3 potions of agility {unknown}
 x - 2 potions of heal wounds {unknown}
 A - 2 potions of haste {unknown}
 H - a potion of brilliance {unknown}
Books
 c - a book of Battle

   Spells                             Type                      Level
   a - Infusion                       Charms                       1
   b - Shroud of Golubria             Charms/Translocation         2
   c - Song of Slaying                Charms                       2
   d - Spectral Weapon                Hexes/Charms                 3
   e - Regeneration                   Charms/Necromancy            3
Comestibles
 d - 5 bread rations
 h - 3 beef jerkies
 s - a royal jelly
 B - 4 meat rations
 J - 3 fruits
 L - 3 chunks of flesh


   Skills:
 - Level 2.0 Fighting
 + Level 8.1 Polearms
 - Level 1.0 Armour
 - Level 1.0 Dodging
 - Level 2.0 Spellcasting
 - Level 6.0 Charms
 - Level 6.0 Translocations


You had 4 spell levels left.
You knew the following spells:

 Your Spells              Type           Power        Failure   Level  Hunger
a - Infusion              Chrm           ###.         4%          1    ##.....
b - Song of Slaying       Chrm           ###.....     8%          2    ###....
c - Shroud of Golubria    Chrm/Tloc      ###.......   8%          2    ###....
d - Spectral Weapon       Hex/Chrm       #.......     41%         3    ####...


Dungeon Overview and Level Annotations

Branches:
Dungeon (7/15)             Temple (0/1) D:7

Altars:
Cheibriados
Elyvilon
Makhleb
Nemelex Xobeh
Okawaru
Sif Muna
Zin
The Shining One

Annotations:
D:4 Grinder
D:6 1 exclusion


Message History

You see here a short sword.
You hit the orc warrior.
The orc warrior is moderately wounded.
Evoke which item? (* to show all) (? for menu, Esc to quit)
Zapping:
G - a wand of slowing (will waste charges)
Press: ? - help, Shift-Dir - straight line, f - orc warrior
Aim: an orc warrior, wielding a scimitar and wearing a plate armour (moderately wounded, chance to defeat MR: 51%)
The orc warrior seems to slow down.
Evoking this partially-identified wand wasted a few charges.
Your shroud bends the orc warrior's attack away!
You hit the orc warrior but do no damage.
The orc warrior is moderately wounded.
You barely miss the orc warrior.
The orc warrior is moderately wounded.
The orc warrior hits you with a scimitar!
* * * LOW HITPOINT WARNING * * *
Your shroud falls apart!
You are no longer magically infusing your attacks.
The orc warrior throws a tomahawk.
The tomahawk hits you!
You die...

#.# #.# #.# ###.#
..#.# #.#.# #.#.###
#.#...# #@###.# #.#
#.# #)# #.# #o# #.# #
#.# #.#
##.###########.###.#
##........o.........#
......)((....##..####
.......########.†#


You could see an orc warrior.

Vanquished Creatures
  Edmund (D:3)
  A sky beast (D:4)
  A phantom (D:6)
  A big kobold (D:7)
  4 giant frogs (D:6)
  Blork the orc (D:5)
  A scorpion (D:5)
  2 crimson imps
  A giant frog zombie (D:6)
  5 hounds
  5 orc priests
  An orc wizard (D:6)
  2 giant frog skeletons
  Terence (D:2)
  2 iguanas
  4 worker ants
  14 gnolls
  8 adders
  2 oozes
  An adder skeleton (D:4)
  4 worms (D:3)
  5 giant geckos
  21 orcs
  6 giant cockroaches
  8 goblins
  6 hobgoblins
  2 jackals (D:1)
  10 kobolds
  2 quokkas
  A ball python (D:2)
  5 bats
  A giant cockroach zombie (D:6)
  A giant gecko skeleton (D:5)
  5 giant newts
  A jackal zombie (D:5)
  3 rats
139 creatures vanquished.

Notes
Turn   | Place    | Note
--------------------------------------------------------------
     0 | D:1      | abixa the Human Skald began the quest for the Orb.
     0 | D:1      | Reached XP level 1. HP: 16/16 MP: 3/3
    52 | D:1      | Reached XP level 2. HP: 16/22 MP: 0/5
   461 | D:1      | Learned a level 2 spell: Song of Slaying
   482 | D:1      | Reached skill level 4 in Charms
   482 | D:1      | Reached XP level 3. HP: 23/27 MP: 1/6
   879 | D:2      | Found a white marble altar of Elyvilon.
   914 | D:2      | Found a faded altar to an unknown god.
  1021 | D:2      | Reached XP level 4. HP: 29/33 MP: 2/7
  1218 | D:2      | Reached skill level 5 in Charms
  1399 | D:2      | Learned a level 2 spell: Shroud of Golubria
  1402 | D:2      | Found a snail-covered altar of Cheibriados.
  1687 | D:2      | Found a sparkling altar of Nemelex Xobeh.
  1704 | D:2      | Noticed Terence
  1714 | D:2      | Killed Terence
  1714 | D:2      | Reached XP level 5. HP: 38/38 MP: 2/8
  1930 | D:3      | Found an iron altar of Okawaru.
  1969 | D:3      | Became a worshipper of Warmaster Okawaru
  2033 | D:3      | Found a burning altar of Makhleb.
  2143 | D:3      | Reached skill level 6 in Charms
  2523 | D:3      | Reached XP level 6. HP: 41/44 MP: 5/9
  2617 | D:3      | HP: 2/44 [giant gecko (2)]
  2628 | D:3      | HP: 1/44 [giant gecko (2)]
  3422 | D:4      | Noticed a sky beast
  3502 | D:4      | Noticed Edmund
  3823 | D:4      | Killed a sky beast
  3823 | D:4      | Reached * piety under Okawaru
  3823 | D:4      | Reached XP level 7. HP: 28/50 MP: 5/10
  3982 | D:4      | Noticed Grinder
  4025 | D:3      | Killed Edmund
  4238 | D:4      | Learned a level 3 spell: Spectral Weapon
  4345 | D:5      | Entered Level 5 of the Dungeon
  4538 | D:5      | Noticed Blork the orc
  4545 | D:5      | Reached XP level 8. HP: 47/56 MP: 0/11
  4555 | D:5      | Killed Blork the orc
  4555 | D:5      | Reached ** piety under Okawaru
  4555 | D:5      | Reached skill level 5 in Translocations
  4785 | D:5      | Found a glowing silver altar of Zin.
  5907 | D:6      | Reached skill level 5 in Polearms
  6358 | D:6      | Found a glowing golden altar of the Shining One.
  6673 | D:6      | Reached XP level 9. HP: 31/61 MP: 4/12
  6716 | D:6      | Reached skill level 7 in Polearms
  7013 | D:7      | Reached *** piety under Okawaru
  7034 | D:7      | Found a staircase to the Ecumenical Temple.
  7068 | D:7      | Found a deep blue altar of Sif Muna.
  7128 | D:7      | Reached skill level 8 in Polearms
  7167 | D:7      | Hit by a tomahawk thrown by an orc warrior

Vault maps used:
D:1:      saegor_arrival_simple_f, glass_columns_b
D:2:      lemuel_doored_altar, elyvilon_altar_4, ecumenical_altar_1,
          serial_forest, infiniplex_forest_lined_2, infiniplex_forest_fountain,
          infiniplex_forest_lined_room_, infiniplex_forest_lined_ring,
          infiniplex_forest_straight_3, infiniplex_forest_clump_tiny,
          infiniplex_forest_clump_cross, cheibriados_altar_1, uniq_terence
D:3:      makhleb_blood_cavern_becter, kennysheep_okawaru_gauntlet,
          minmay_close_crescents
D:4:      first_bread, uniq_edmund, uniq_grinder
D:5:      zin_statuary, uniq_blork_the_orc
D:6:      tso_metal_star, kennysheep_potato
D:7:      lemuel_coloured_pillars_altar, temple_doors_e, minmay_fire_ice_demons

Action                   |  1- 3 |  4- 6 |  7- 9 || total
-------------------------+-------+-------+-------++-------
Melee: Spear             |    85 |   166 |   347 ||   598
       Halberd           |       |    18 |       ||    18
 Cast: Infusion          |    10 |    20 |    20 ||    50
       Shroud of Golubri |       |     5 |     7 ||    12
       Song of Slaying   |       |     1 |       ||     1
Invok: Heroism           |       |       |     1 ||     1
Evoke: Wand              |       |       |     1 ||     1
  Eat: Chunk             |     1 |     9 |    12 ||    22
